Match 38337074
Unlisted

Match 38337074
End
Panzergrenadier Squad
Panzerpioneer Squad
Kradschützen Motorcycle Team
Panzergrenadier Squad
Construct Light Support Kompanie
Construct Mechanized Kompanie
Veteran Squad Leaders
Vehicle Survival Package
Support Armor Elements
Rapid Advance
Selects Italian Combined Arms Battlegroup
Selects Semovente da 75/18 Assault Gun
Semovente da 75/18 Assault Gun
Emergency Repair Kits
Tungsten Core Ammunition
Assault Mechanized Group
Selects Bersaglieri Squad
Selects Vehicle Support - Secure Location
Advanced Optics
Construct Panzerarmee Kommand
Selects Vehicle Support - Force Recon
Combat Half-tracks
Armored Reserves
Selects Strafing Run
Selects Artillery Cover
Tiger Heavy Tank
Advanced Field Repairs
Semovente da 75/18 Assault Gun
Artillery Cover
StuG Assault Group
18-tonne Recovery Half-track
Marder III Tank Destroyer
Marder III Tank Destroyer
StuG Assault Group
Marder III Tank Destroyer
Myron
GeeNo
BananaInPajamas
sharpshooter
0
0

Comments sign in to comment!

No comments posted yet!